 Dungeon Crawl Stone Soup version 0.30-a0-782-ge64f9170bb (webtiles) character file.

Game seed: 534658440925998818

72 Grim the Conjurer (level 4, -4/24 (26) HPs)
             Began as a Tengu Reaver on Mar 2, 2023.
             Slain by an orc
             ... wielding a +0 mace
              (5 damage)
             ... on level 3 of the Dungeon.
             The game lasted 00:03:54 (1724 turns).

Grim the Conjurer (Tengu Reaver)                    Turns: 1724, Time: 00:03:54

HP:   -4/24 (26)    AC:  3    Str: 12    XL:     4   Next: 25%
MP:   8/8           EV: 12    Int: 21    God:
Gold: 126           SH:  0    Dex: 13    Spells: 6/7 levels left

rFire   + . .      SeeInvis .    a - +0 spear
rCold   + . .      Faith    .    (no shield)
rNeg    . . .      Spirit   .    b - +0 leather armour
rPois   .          Reflect  .    (helmet restricted)
rElec   .          Harm     .    j - scarf {rC+ rF+}
rCorr   .          Rampage  .    (no gloves)
Will    .....                    (boots unavailable)
Stlth   +                        (no amulet)
HPRegen 0.24/turn                h - +6 ring of intelligence
MPRegen 0.11/turn                (no ring)

@: drained
A: beak, talons 3
a: no special abilities


You were on level 3 of the Dungeon.
You visited 1 branch of the dungeon, and saw 3 of its levels.

You collected 126 gold pieces.

Inventory:

Hand Weapons
 a - a +0 spear (weapon)
Armour
 b - a +0 leather armour (worn)
 c - a +0 helmet
 j - a scarf of resistance (worn)
Jewellery
 h - a +6 ring of intelligence (left hand)
 k - an amulet of magic regeneration
Scrolls
 f - 3 scrolls of identify {unknown}
 g - a scroll of poison {unknown}
 i - a scroll of vulnerability {unknown}
 l - a scroll of teleportation {unknown}
Potions
 d - a potion of berserk rage {unknown}
 e - a potion of curing {unknown}
 m - a potion of mutation {unknown}


   Skills:
 - Level 2.0 Fighting
 * Level 4.5 Polearms
 - Level 2.1 Dodging
 - Level 2.0 Spellcasting
 + Level 4.8 Conjurations
 + Level 1.5 Necromancy


You had 6 spell levels left.
You knew the following spells:

 Your Spells              Type           Power      Damage    Failure   Level
a - Kiss of Death         Conj/Necr      60%        2d10      4%          1

Your spell library contained the following spells:

 Spells                   Type           Power      Damage    Failure   Level
 Momentum Strike          Conj/Tloc      24%        3d8       11%         2
 Hailstorm                Conj/Ice       12%        3d5       21%         3
 Summon Forest            Summ/Tloc      1%         N/A       99%         5
 Summon Mana Viper        Hex/Summ       2%         N/A       99%         5
 Summon Cactus Giant      Summ           1%         N/A       100%        6


Dungeon Overview and Level Annotations

Branches:
Dungeon (3/15)

Altars:


Innate Abilities, Weirdness & Mutations

You have a beak for a mouth.
You have claws for feet.


Message History

The orc hits you with a +0 dagger.
The orc shouts!
You hit the orc. Your kick misses the orc.
The orc is heavily wounded.
The orc barely misses you.
The endoplasm jiggles.
You hit the orc but do no damage. You peck the orc, but do no damage.
The orc is heavily wounded.
You hit the orc but do no damage.
The orc is heavily wounded.
The orc hits you with a +0 dagger.
You hit the orc but do no damage. Your kick misses the orc.
The orc is heavily wounded.
The orc barely misses you. The orc hits you with a +0 dagger.
You hit the orc. Your kick misses the orc.
The orc is almost dead.
The orc hits you but does no damage. The orc hits you with a +0 dagger.
You hit the orc.
You kill the orc!
You completely miss something. Your peck misses something.
Something hits you but does no damage.
You miss something. Your punch misses something.
The orc hits you with a +0 dagger.
* * * LOW HITPOINT WARNING * * *
Something hits you.
* * * LOW HITPOINT WARNING * * *
The orc hits you with a +0 mace.
* * * LOW HITPOINT WARNING * * *
You closely miss something. Your kick misses something. You peck something.
The orc hits you with a +0 dagger.
* * * LOW HITPOINT WARNING * * *
You hear some strange, mumbled words.
A puff of flame appears from out of thin air!
The puff of flame hits you. You resist.
* * * LOW HITPOINT WARNING * * *
The orc hits you with a +0 mace.
* * * LOW HITPOINT WARNING * * *
You miss something. The orc closely misses you.
Something hits you but does no damage. The orc hits you with a +0 mace.
You die...

)###...##?...)...(##.#
........####...####..#
####.....#.##.##.#...
####.....#g#....#####
#.##.##J##........
#.#...###.........
#.#.#..#..........
#.#.##..†#.{######
#......#.#@o......
###.##.#.#o##.....
#.##.#.#?. o...
#.##.#..... ...
#.##.####... <#
#.......#.### .
####....#.# ######.#


You could see 2 orcs, an endoplasm and a hobgoblin.

Vanquished Creatures
  2 worms
  An orc (D:3)
  6 ball pythons
  6 endoplasms
  3 giant cockroaches
  5 goblins
  12 hobgoblins
  4 kobolds
  5 quokkas
  5 bats
  2 frilled lizards (D:2)
  6 rats
57 creatures vanquished.

Notes
Turn   | Place    | Note
-------+----------+-------------------------------------------
     0 | D:1      | Grim the Tengu Reaver began the quest for the Orb.
     0 | D:1      | Reached XP level 1. HP: 12/12 MP: 4/4
   329 | D:1      | Reached XP level 2. HP: 16/16 MP: 6/6
   548 | D:1      | Reached XP level 3. HP: 20/21 MP: 7/7
   593 | D:1      | Reached skill level 1 in Necromancy
  1242 | D:2      | Found a faded altar of an unknown god.
  1273 | D:2      | Reached XP level 4. HP: 26/26 MP: 8/8
  1723 | D:3      | HP: 1/24 [orc/+0 mace (3)]
  1724 | D:3      | Slain by an orc

Illustrated notes

Levels and vault maps discovered:
D:1:      matt_arrival_grand_opening, layout_loops_ring
D:2:      layout_rooms, hellmonk_ecumenical_altar_run_dry
D:3:      layout_basic, minmay_fractal_squares_gapless_5, uniq_natasha

Skill      XL: |  1  2  3 |
---------------+----------+-----
Polearms       | 4 |  4.5
Necromancy     | 1 |  1.5
Fighting       | |  2.0
Dodging        | |  2.1
Spellcasting   | |  2.0
Conjurations   | |  4.8

Action                     |  1- 3 |  4- 6 || total
---------------------------+-------+-------++-------
  Melee: Spear             |   128 |    38 ||   166
         Kick              |    19 |     4 ||    23
         Peck              |    21 |     4 ||    25
         Punch             |     1 |       ||     1
   Cast: Kiss of Death     |     1 |     1 ||     2
   Stab: Sleeping          |     1 |       ||     1
 Armour: Leather armour    |    22 |     7 ||    29
  Dodge: Dodged            |    44 |    13 ||    57

Table legend: (Time is in decaauts)
 A = Elapsed time spent in this place.
 B = Non-inter-level travel time spent in this place.
 C = Inter-level travel time spent in this place.
 D = Time resting spent in this place.
 E = Time spent auto-exploring this place.
 F = Levels seen in this place.
 G = Mean time per level.
                   A        B        C        D        E       F      G
               +--------+--------+--------+--------+--------+-----+--------+
         Total |   1705 |   1667 |     38 |    452 |    924 |   3 |  568.3 |
       Dungeon |   1705 |   1667 |     38 |    452 |    924 |   3 |  568.3 |
               +--------+--------+--------+--------+--------+-----+--------+

Top non-repeatable levels by time:
     D:1: 890 daAuts
     D:2: 710 daAuts
     D:3: 104 daAuts
